Map: Whispers of Gold

Players

VITmaru (Maru) - Winner!

  • Race: Terran Terran
  • Spawn Location: 5:00

Geralt (Gerald)

  • Race: Protoss Protoss
  • League: Grandmaster
  • Spawn Location: 9:00

Event: HomeStory Cup XXVI

VOD

Have the link to the VOD?

Description

Time

  • Played on: Nov. 29, 2024, 1:26 p.m.
  • Length: 5:37

All games in this series

Show
View Real Time Build Order
Export as new Build Order

VITmaru Terran - Winner!

Build Orders: Cyclone Opening 

Get SALT Encoding   

  12  0:00  SCV  
  13  0:12  SCV  
  14  0:17  Supply Depot  
  14  0:24  SCV  
  15  0:39  SCV  
  15  0:40  Barracks  
  16  0:44  Refinery  
  16  0:51  SCV  
  16  0:54  Refinery  
  17  1:03  SCV  
  18  1:15  SCV  
  19  1:20  Supply Depot  
  19  1:27  Reaper  
  19  1:29  Orbital Command  
  20  1:43  Factory  
  20  1:55  SCV  
  21  2:01  Barracks Reactor  
  21  2:07  SCV  
  22  2:19  SCV  
  23  2:24  Command Center  
  23  2:30  Factory Tech Lab  
  23  2:31  SCV  
  24  2:39  Marine x2  
  24  2:43  SCV  
  27  2:50  Cyclone  
  29  2:54  Supply Depot, Bunker  
  29  2:57  Marine x2  
  31  3:05  SCV  
  31  3:15  Marine  
  31  3:16  Marine  
  31  3:17  SCV  
  32  3:23  Cyclone  
  34  3:30  SCV  
  35  3:36  Starport  
  35  3:42  Marine x2  
  35  3:45  SCV  
  38  3:51  Supply Depot  
  38  4:02  Barracks  
  38  4:12  Siege Tank  
  38  4:14  Medivac  
  38  4:15  Marine x2  
  45  4:21  Supply Depot  
  44  4:33  Marine  
  44  4:35  Marine  
  46  4:45  Siege Tank  
  49  4:51  Marine x2  
  51  4:53  Marine  
  55  5:09  Marine  
  55  5:13  Supply Depot  
Show
View Real Time Build Order
Export as new Build Order

Geralt Protoss 

Build Orders:  

Get SALT Encoding   

  12  0:00  Probe  
  13  0:12  Probe  
  14  0:19  Pylon  
  14  0:25  Probe  
  15  0:35  Pylon  
  15  0:37  Probe  
  16  0:53  Gateway  
  16  0:58  Gateway  
  16  1:02  Probe  
  17  1:08  Assimilator  
  17  1:16  Probe  
  18  1:28  Probe  
  19  1:40  Probe  
  19  1:41  Zealot  
  19  1:43  Zealot  
  19  1:44  Cybernetics Core  
  24  1:52  Probe  
  24  2:06  Zealot, Probe  
  27  2:09  Stalker  
  27  2:11  Pylon  
  27  2:18  Assimilator  
  29  2:30  Stalker  
  29  2:31  Shield Battery  
  29  2:36  Probe  
  30  2:44  Stalker  
  32  3:23  Probe  
  29  3:29  Warp Gate  
  29  3:36  Nexus, Twilight Council, Probe  
  30  3:48  Probe  
  31  3:52  Stalker  
  33  4:00  Probe  
  34  4:12  Probe  
  33  4:23  Shield Battery  
  33  4:24  Probe  
  34  4:31  Gateway  
  34  4:38  Gateway  
  34  4:48  Probe x2  
  35  5:00  Probe  
  35  5:01  Gateway  
  35  5:02  Probe  
  37  5:12  Probe  
  38  5:31  Stalker  
Tags
 
Add a new tag
Caveats
  • Supply blocks, unpowered buildings, or Contaminate may cause inaccurate times.
  • Supply counts are checked every 10 seconds.